Cogmind - Beta 13 @@@ ROGUE MODE // 2024.02.29 @ 19:27:47 Player: J1ANG-5HI Result: Destroyed by S-10 Pest with Light Assault Rifle Performance ------------- Evolutions (0) 0 Regions Visited (4) 800 Robots Destroyed (23) 115 Value Destroyed (527) 527 Prototype IDs (0) 0 Alien Tech Used (0) 0 Bonus (0) 0 TOTAL SCORE: 1442 Bonus ------- None Cogmind --------- Core Integrity 0/250 Matter 235/300 Energy 100/100 System Corruption 0% Temperature Cool (0) Movement Treading (480) Ox4 Location -9/Mines Parts ------- > --- POWER (1) -------- (None) > --- PROPULSION (2) --- Light Treads > --- UTILITY (2) ------ Huge Storage Unit Seismic Detector > --- WEAPON (2) ------- Assault Rifle Heavy Assault Rifle > --- INVENTORY (25) --- Nuclear Core Nuclear Core Light Nuclear Core Reinforced Deuterium Engine Aluminum Leg Aluminum Leg Improved Heat Sink Improved Heat Sink High-capacity Battery (250) Large Matter Pod (147) Faulty Experimental Sensor Array Signal Interpreter Tractor Beam Particle Cannon Particle Cannon Particle Cannon Particle Cannon Assault Rifle Heavy Assault Rifle Heavy Assault Rifle Heavy Assault Rifle EMP Blaster EMP Blaster Datajack Peak State ------------ > --- POWER ------------ Light Nuclear Core > --- PROPULSION ------- Light Treads Compact Wheel > --- UTILITY ---------- Huge Storage Unit Seismic Detector > --- WEAPON ----------- Assault Rifle Heavy Assault Rifle > --- INVENTORY -------- Nuclear Core Nuclear Core Light Nuclear Core Reinforced Deuterium Engine Aluminum Leg Aluminum Leg Improved Heat Sink Improved Heat Sink High-capacity Battery Large Matter Pod Experimental Sensor Array Signal Interpreter Tractor Beam Particle Cannon Particle Cannon Particle Cannon Particle Cannon Assault Rifle Heavy Assault Rifle Heavy Assault Rifle Heavy Assault Rifle EMP Blaster EMP Blaster Datajack [Rating: 15] Favorites ----------- Power Ion Engine Engine Ion Engine Power Core Light Nuclear Core Propulsion Aluminum Leg Treads Light Treads Leg Aluminum Leg Wheel Compact Wheel Utility Huge Storage Unit Device Seismic Detector Storage Huge Storage Unit Weapon Assault Rifle Energy Gun Medium Laser Ballistic Gun Assault Rifle Build | -11 -10 -10 -10 -9 ------- Run | Yrd Mat Min Exi Min Slots Evolved . | . . . . . Power . | . . . . . Propulsion . | . . . . . Utility . | . . . . . Weapon . | . . . . . Parts Attached 13 | . 6 5 1 1 Power 1 | . . 1 . . Engine . | . . . . . Core 1 | . . 1 . . Reactor . | . . . . . Propulsion 5 | . . 4 1 . Treads 2 | . . 1 1 . Leg 2 | . . 2 . . Wheel 1 | . . 1 . . Hover . | . . . . . Flight . | . . . . . Utility 3 | . 3 . . . Device 2 | . 2 . . . Storage 1 | . 1 . . . Processor . | . . . . . Hackware . | . . . . . Protection . | . . . . . Artifact . | . . . . . Weapon 4 | . 3 . . 1 Energy Gun . | . . . . . Energy Cannon . | . . . . . Ballistic Gun 4 | . 3 . . 1 Ballistic Cannon . | . . . . . Launcher . | . . . . . Special Weapon . | . . . . . Impact Weapon . | . . . . . Slashing Weapon . | . . . . . Piercing Weapon . | . . . . . Special Melee Weapon . | . . . . . Unidentified Prototypes . | . . . . . Parts Lost 4 | . 1 . . 3 Power 1 | . . . . 1 Propulsion 1 | . . . . 1 Utility . | . . . . . Weapon 2 | . 1 . . 1 Highest Loss Streak 2 | . 1 . . 2 To Critical Strikes . | . . . . . Average Slot Usage (%) 98 | . 98 100 100 95 Engine 10 | . 14 5 . . Core 3 | . . 8 14 14 Treads 3 | . . 12 14 14 Leg 20 | . 28 2 . . Wheel 3 | . . 12 14 11 Device 12 | . 12 14 14 14 Storage 14 | . 14 14 14 14 Energy Gun 1 | . 2 . . . Ballistic Gun 26 | . 25 28 28 25 Naked Turns . | . . . . . Heaviest Build 90 | 14 90 90 90 90 Greatest Support 20 | 20 20 20 16 16 Greatest Overweight (x) 5 | . 4 5 5 5 Average Overweight (x) 4 | . 3 4 5 5 Largest Inventory Capacity 25 | . 25 25 25 25 Average Capacity 24 | . 24 25 25 25 Most Carried 25 | . 25 25 25 25 Average Carried 19 | . 18 24 24 24 Final Capacity 25 | 8 25 25 25 25 Final Carried 25 | 6 24 25 25 24 Class Distribution -------------------- 100% | Mutant Dominant Class ---------------- Mutant | -10/Materials Mutant | -10/Mines Mutant | -10/Exiles Mutant | -9/Mines Resources | -11 -10 -10 -10 -9 ----------- Run | Yrd Mat Min Exi Min Matter Collected 776 | 180 303 293 . . Remotely . | . . . . . Salvage Created 749 | . 441 283 . 25 Parts 47 | . 25 17 . 5 Haulers Intercepted . | . . . . . Recyclers Shooed 3 | . 2 . . 1 Parts Field Recycled . | . . . . . Retrieved Matter . | . . . . . Parts Self-Destructed . | . . . . . Prevented . | . . . . . Kills | -11 -10 -10 -10 -9 ------- Run | Yrd Mat Min Exi Min Combat Hostiles Destroyed 17 | . 8 8 . 1 Guns 17 | . 8 8 . 1 Classes Destroyed 6 | . 5 . . 1 Worker 1 | . 1 . . . Tunneler 1 | . . . . 1 Recycler 2 | . 2 . . . Watcher 2 | . 2 . . . Swarmer 7 | . 3 3 . 1 Grunt 10 | . 5 5 . . Best Kill Streak 3 | . 3 3 . 2 Combat Bots Only 3 | . 3 3 . 1 Max Kills in Single Turn 2 | . 1 2 . 1 Gunslinging 1 | . . 1 . . Exploded . | . . . . . Melee . | . . . . . Uniques/NPCs Destroyed . | . . . . . Combat | -11 -10 -10 -10 -9 -------- Run | Yrd Mat Min Exi Min Hostile Shots Fired 126 | . 50 46 . 30 Missed 37 | . 13 18 . 6 Damage Taken 1094 | . 448 336 . 310 Core 251 | . 107 93 . 51 Absorbed by Shields . | . . . . . Regen/Repaired (Parts) 112 | . 112 . . . Core Remaining (%) 100 | 100 . . . . Volleys Fired 82 | . 47 24 . 11 Largest 2 | . 2 2 . 2 Hottest 70 | . 70 40 . 43 Shots Fired 162 | . 94 48 . 20 Gun 162 | . 94 48 . 20 Cannon . | . . . . . Launcher . | . . . . . Special . | . . . . . Kinetic 128 | . 60 48 . 20 Thermal 34 | . 34 . . . Explosive . | . . . . . Electromagnetic . | . . . . . Robot Hit Streak 12 | . 8 12 . 5 Robot Miss Streak 5 | . 5 4 . 3 Penetration Max . | . . . . . Secondary Targets 4 | . 2 1 . 1 Max Gunslinging Chain 1 | . 1 1 . 1 Shots Hit Robots 99 | . 59 31 . 9 Core Hits 40 | . 24 14 . 2 Critical Kills . | . . . . . Critical Parts Destroyed . | . . . . . Critical Strikes 2 | . 2 . . . Burn 2 | . 2 . . . Melee Attacks . | . . . . . Impact . | . . . . . Slashing . | . . . . . Piercing . | . . . . . Sneak Attacks . | . . . . . Combat Hostiles . | . . . . . Follow-up Attacks . | . . . . . Damage Inflicted 1368 | . 789 438 . 141 Guns 1368 | . 789 438 . 141 Cannons . | . . . . . Explosions . | . . . . . Melee . | . . . . . Ramming . | . . . . . Kinetic 1092 | . 513 438 . 141 Thermal 276 | . 276 . . . Explosive . | . . . . . Electromagnetic . | . . . . . Impact . | . . . . . Slashing . | . . . . . Piercing . | . . . . . Highest Corruption . | . . . . . Average Corruption . | . . . . . Corruption Purged . | . . . . . Corruption Blocked . | . . . . . Overload Shots . | . . . . . Overflow Damage . | . . . . . Projectiles . | . . . . . Explosions . | . . . . . Melee . | . . . . . Knockbacks . | . . . . . Impact . | . . . . . Kinetic . | . . . . . Secondary . | . . . . . Self-Inflicted Damage . | . . . . . Shots . | . . . . . Rammed . | . . . . . Targets Rammed . | . . . . . Kicked . | . . . . . Crushed . | . . . . . Highest Temperature 186 | . 186 22 . . Average Temperature 53 | . 60 8 . . Received Heat Transfer 429 | . 258 171 . . Siege Activations . | . . . . . Robots Corrupted . | . . . . . Combat Hostiles . | . . . . . Parts Fried . | . . . . . Impact Corruptions . | . . . . . Robots Melted . | . . . . . Combat Hostiles . | . . . . . Parts Melted 1 | . 1 . . . Heat Transferred 962 | . 962 . . . Parts Sabotaged . | . . . . . Parts Stolen . | . . . . . Parts Stripped . | . . . . . Power Chain Reactions . | . . . . . Alert | -11 -10 -10 -10 -9 ------- Run | Yrd Mat Min Exi Min Peak Influence 177 | . 177 135 . 60 Initial . | . . . . . Average 23 | . 15 75 . 24 Maximum Alert Level . | . . . . . Low Security (%) 100 | . 100 100 . 100 Level 1 . | . . . . . Level 2 . | . . . . . Level 3 . | . . . . . Level 4 . | . . . . . Level 5 . | . . . . . High Security . | . . . . . Max Security . | . . . . . Squads Dispatched 2 | . 2 . . . Investigation . | . . . . . Extermination . | . . . . . Reinforcement 2 | . 2 . . . Assault . | . . . . . Garrison . | . . . . . Intercept . | . . . . . Searches Triggered . | . . . . . Construction Impeded . | . . . . . Haulers Reinforced . | . . . . . Active Scanning Responses . | . . . . . Cargo Convoy Interrupts . | . . . . . Stealth | -11 -10 -10 -10 -9 --------- Run | Yrd Mat Min Exi Min Distress Signals 3 | . 2 . . 1 Communications Jammed . | . . . . . Distress Signals . | . . . . . Times Spotted 44 | . 23 10 . 11 Peak Tracking Total 10 | . 4 3 . 10 Tactical Retreats 4 | . . 2 . 2 Traps | -11 -10 -10 -10 -9 ------- Run | Yrd Mat Min Exi Min Traps Triggered . | . . . . . Indirectly . | . . . . . Trap Hack Attempts . | . . . . . Triggered . | . . . . . Disarmed 4 | . 4 . . . Reprogrammed . | . . . . . Reused . | . . . . . Traps Extracted . | . . . . . Installed . | . . . . . Triggered . | . . . . . Machines | -11 -10 -10 -10 -9 ---------- Run | Yrd Mat Min Exi Min Machines Disabled . | . . . . . Max in Single Turn . | . . . . . Machines Repaired . | . . . . . Machines Dismantled . | . . . . . Machines Sabotaged . | . . . . . Overloaded Fab Kills . | . . . . . Hacking | -11 -10 -10 -10 -9 --------- Run | Yrd Mat Min Exi Min Machines Accessed 13 | . 9 . 4 . Terminals 6 | . 6 . . . Fabricators . | . . . . . Repair Stations 1 | . 1 . . . Recycling Units 2 | . 2 . . . Scanalyzers . | . . . . . Garrison Access . | . . . . . Total Hacks 41 | . 37 . 4 . Successful 24 | . 20 . 4 . Failed 17 | . 17 . . . Catastrophic 1 | . 1 . . . Database Lockouts . | . . . . . Manual 16 | . 16 . . . Terminals 27 | . 27 . . . Fabricators . | . . . . . Repair Stations 6 | . 6 . . . Recycling Units 4 | . 4 . . . Scanalyzers . | . . . . . Garrison Access . | . . . . . Terminal Hacks 16 | . 12 . 4 . Record 4 | . . . 4 . Robot Analysis 1 | . 1 . . . Branch Access Points 1 | . 1 . . . Locate Traps 3 | . 3 . . . Disarm Traps 2 | . 2 . . . Dispatch Records 1 | . 1 . . . Reinforcement Status 1 | . 1 . . . Recall Reinforcements 1 | . 1 . . . Hauler Manifests 1 | . 1 . . . Zone Layout 1 | . 1 . . . Fabricator Hacks . | . . . . . Repair Station Hacks 4 | . 4 . . . Scan Component 2 | . 2 . . . Repair 2 | . 2 . . . Recycling Unit Hacks . | . . . . . Scanalyzer . | . . . . . Garrison Access Hacks . | . . . . . Unauthorized Hacks 4 | . 4 . . . Terminals 3 | . 3 . . . Assimilate 1 | . 1 . . . Botnet 2 | . 2 . . . Fabricators . | . . . . . Repair Stations . | . . . . . Recycling Units 1 | . 1 . . . Mask 1 | . 1 . . . Scanalyzers . | . . . . . Garrison Access . | . . . . . Data Cores Recovered . | . . . . . Used . | . . . . . Hacking Detections 9 | . 9 . . . Full Trace Events . | . . . . . Feedback Events . | . . . . . Feedback Blocked . | . . . . . Robot Schematics Acquired . | . . . . . Robots Built . | . . . . . Authchips . | . . . . . Time . | . . . . . Total Robot Build Rating . | . . . . . Part Schematics Acquired . | . . . . . Parts Built . | . . . . . Authchips . | . . . . . Time . | . . . . . Total Part Build Rating . | . . . . . Parts Repaired 2 | . 2 . . . Time 52 | . 52 . . . Parts Recycled . | . . . . . Recycled Matter . | . . . . . Retrieved Matter . | . . . . . Retrieved Components . | . . . . . Parts Scanalyzed . | . . . . . Part Schematics Acquired . | . . . . . Parts Damaged . | . . . . . Bothacking | -11 -10 -10 -10 -9 ------------ Run | Yrd Mat Min Exi Min Used RIF Installer . | . . . . . Robots Hacked . | . . . . . Non-combat . | . . . . . Combat . | . . . . . Robot Hacks Applied . | . . . . . Relay Couplers Released . | . . . . . Fabnet Peak Effective % . | . . . . . Robots Rewired . | . . . . . Allies Hacked . | . . . . . Hacks Repelled . | . . . . . Allies | -11 -10 -10 -10 -9 -------- Run | Yrd Mat Min Exi Min Total Allies . | . . . . . Largest Group . | . . . . . Highest-Rated Group . | . . . . . Highest-Rated Ally . | . . . . . Total Orders . | . . . . . Ally Attacks . | . . . . . Total Damage . | . . . . . Kills . | . . . . . Allies Corrupted . | . . . . . Allies Melted . | . . . . . Intel | -11 -10 -10 -10 -9 ------- Run | Yrd Mat Min Exi Min Robot Analysis Total 1 | . 1 . . . Derelict Logs Recovered . | . . . . . Drone Launches . | . . . . . Drone Recoveries . | . . . . . Exploration | -11 -10 -10 -10 -9 ------------- Run | Yrd Mat Min Exi Min Turns Passed 5701 | . 4123 617 906 55 Spaces Moved 1867 | 1 1054 284 515 13 Core . | . . . . . Treads . | . . . . . Legs 1066 | 1 1054 11 . . Wheels 801 | . . 273 515 13 Hover . | . . . . . Flight . | . . . . . Fastest Speed 120 | 120 120 175 175 175 Average Speed 286 | 120 369 183 175 175 Slowest Speed 400 | 120 400 400 175 175 Overloaded Moves . | . . . . . Propulsion Burnouts . | . . . . . Robots Hopped . | . . . . . Cave-ins Triggered . | . . . . . Exploration Rate (%) 49 | 2 98 52 91 6 Regions Visited 4 Branch Regions 3 Pre-discovered Areas . | . . . . . Known Exits Taken 1 | . 1 . . . Unknown Exits Taken 3 | 1 . 1 1 . Scrap Searched . | . . . . . Spaces Dug . | . . . . . Terrain Destroyed . | . . . . . Melee . | . . . . . Projectile . | . . . . . AOE . | . . . . . Terrain Rammed . | . . . . . Walls Destroyed . | . . . . . Machines Disabled . | . . . . . Actions | -11 -10 -10 -10 -9 --------- Run | Yrd Mat Min Exi Min Total 2070 | . 1191 333 521 25 Wait 64 | . 54 10 . . Move 1863 | . 1053 283 514 13 Hop . | . . . . . Pick Up 34 | . 26 5 3 . Fast Attach 1 | . 1 . . . Attach 6 | . 5 . . 1 Detach . | . . . . . Swap 6 | . . 5 1 . Drop 14 | . 5 6 3 . Fire 82 | . 47 24 . 11 Melee . | . . . . . Ram . | . . . . . Kick . | . . . . . Crush . | . . . . . Escape Stasis . | . . . . . Rewire . | . . . . . Trap . | . . . . . Miscellaneous . | . . . . . Route ------- -11/Scrapyard -10/Materials (discovered 5 exits: [*Mat x3] / *Min x2) -10/Mines -10/Exiles (discovered 2 exits: [*Min x2]) -9/Mines History --------- Turn | Location | Event 1 | -11/Scrapyard | Discovered new exit (range 0) 1 | -11/Scrapyard | Entered Materials 137 | -10/Materials | Discovered new exit (range 9) 199 | -10/Materials | Identified exit to Mines 317 | -10/Materials | Build established: Mutant 1015 | -10/Materials | Discovered new exit (range 11) 2007 | -10/Materials | Repaired Assault Rifle 2034 | -10/Materials | Repaired Assault Rifle 3404 | -10/Materials | Discovered new exit (range 11) 4124 | -10/Materials | Entered Mines 4131 | -10/Mines | Core integrity fell below 50% 4366 | -10/Mines | Found a damaged Exp. Sensor Array with a note attached 4370 | -10/Mines | Found Prototype Device 4729 | -10/Mines | Deemed a non-threat by the Exiles lab entrance 4730 | -10/Mines | Discovered new exit (range 5) 4741 | -10/Mines | Entered Exiles 4741 | -10/Exiles | Found Exiles lab abandoned 5456 | -10/Exiles | Discovered new exit (range 14) 5628 | -10/Exiles | Discovered new exit (range 14) 5647 | -10/Exiles | Entered Mines 5648 | -9/Mines | Assembled infested the area 5672 | -9/Mines | Core integrity fell below 20% 5702 | -9/Mines | Destroyed by S-10 Pest with Light Assault Rifle Last Messages --------------- it coming. 05456_ EXIT=FOUND LOCATION=UNKNOWN GOAL=ESCAPE 05648_ ALERT: Infestation in the mines, dispatching Demolisher response squad. 05648_ K-01 Serf collects debris. 05660_ Assault Rifle destroyed. 05662_ K-01 Serf collects debris. 05663_ The unstable cave ceiling collapses. 05663_ K-01 Serf collects debris. 05668_ K-01 Serf destroyed. 05678_ S-10 Pest destroyed. 05678_ Switching to secondary target: as-39829. 05692_ Com. Wheel destroyed. 05692_ R-06 Scavenger collects Lgt. Ion Engine. 05693_ T-07 Excavator destroyed. 05695_ R-06 Scavenger sends out distress signal. 05696_ Destroyed Asb. Hover Unit. 05700_ Lgt. Nuclear Core destroyed. Map ----- +----------------------------------------------------+ | | | | | | | | | | | | | | | | | ?????????????????????????????????????????????????? | | ?????????????????????????????????????????????????? | | ?????????????????????????????????????????????????? | | ?????????????????????????????????????????????????? | | ?????????????????????????#???????????????????????? | | ????????????????????????? ???????????????????????? | | ????????????????????????? ???????????????????????? | | ????????????????????????? ???????????????????????? | | ????????????????????????? ???????????????????????? | | ????????????????????????# #??????????????????????? | | ????????????????????????#%#??????????????????????? | | ????????????????????????#=#??????????????????????? | | ????????????????????????#=#??????????????????????? | | ???????????????????????? #??????????????????????? | | ????????????????????????#s#??????????????????????? | | ????????????????????????#*#??????????????????????? | | ????????????????????????#%######?????????????????? | | ????????????????#########@ a% #?????????????????? | | ????????????????# ###### #?????????????????? | | ????????????????# ###### #?????????????????? | | ????????????????# #?????????????????? | | ????????????????# ###### #?????????????????? | | ????????????????# #????# #???????????????? | | ????????????????########????# #??????????????? | | ????????????????????????????# #??????????????? | | ????????????????????????????" ##??????????????? | | ???????????????????????????? ##???????????????? | | ???????????????????????????? # #????????????????? | | ???????????????????????????? #????????????????? | | ???????????????????????????? ????????????????? | | ???????????????????????????? ????????????????? | | ????????????????????????????= ????????????????? | | ????????????????????????????% ????????????????? | | ????????????????????????????*# ###???????????????? | | ????????????????????????????%?#??????????????????? | | ?????????????????????????????????????????????????? | | ?????????????????????????????????????????????????? | | ?????????????????????????????????????????????????? | | ?????????????????????????????????????????????????? | | ?????????????????????????????????????????????????? | | ?????????????????????????????????????????????????? | | ?????????????????????????????????????????????????? | +----------------------------------------------------+ Best States ------------- Heat Dissipation 25 Energy Generation 14 Energy Capacity 250 Matter Stores 300 Matter Capacity 300 Sight Range 16 Robot Scan Range 14 Terrain Scan Density 10 Evasion (%) 55 Recoil Reduction 1 Item Schematics ----------------- None Robot Schematics ------------------ None Fabricated ------------ Nothing Alien Tech Used ----------------- None Achievements -------------- None Challenges ------------ None Game ------ Seed CorePropulsionDissipator Manual? 0 Play Time 00:21:40 Cumulative 169.0 hours Start 2024.02.29 @ 19:06:43 End 2024.02.29 @ 19:27:47 Sessions 1 Manual Loads 0 Difficulty Rogue Special Mode None Game No. 125 Rogue 115 Adventurer 0 Explorer 10 Win Type - Total 3 Types 3/0/0/0/0/0/0/0/0 Lore% 57 Gallery% 66 Achievement% 51 Wizard Run 0 Options --------- Layout 2 ASCII 0 Keyboard 0 Movement Arrows Keybinds 1 Fullscreen 1 Font 24/Terminus Map View 50x44 Zoom Use 0% Tactical HUD 1 Map Filters NONE Filters NONE Steam 1 RUN: 4305b535-c40a-427c-a2e6-ce7c4858228c